 Dungeon Sprint DCSS version 0.30-a0-1112-gfb780f5df6 (webtiles) character file.

Game seed: 14573637861903043202

101 sircluck the Cleaver (level 4, -2/47 HPs)
             Began as a Hill Orc Berserker on Apr 19, 2023.
             Was a Priest of Trog.
             Slain by an iguana (12 damage)
             ... in the Dungeon (Sprint IX: "|||||||||||||||||||||||||||||").
             The game lasted 00:00:15 (98 turns).

sircluck the Cleaver (Hill Orc Berserker)             Turns: 98, Time: 00:00:16

Health: -2/47      AC:  2    Str: 21    XL:     4   Next: 75%
Magic:  4/4        EV: 12    Int:  7    God:    Trog [***...]
Gold:   0          SH:  0    Dex: 10    Spells: 3/3 levels left

rFire   . . .      SeeInvis .    a - +0 hand axe
rCold   . . .      Faith    .    (no shield)
rNeg    . . .      Spirit   .    b - +0 animal skin
rPois   .          Reflect  .    (no helmet)
rElec   .          Rampage  .    (no cloak)
rCorr   .          NoTele   +    (no gloves)
Will    .....                    (no boots)
Stlth   +                        (no amulet)
HPRegen 0.27/turn                (no ring)
MPRegen 0.09/turn                (no ring)

@: on berserk cooldown, slowed, very slow
A: no striking features
a: Renounce Religion, Berserk, Trog's Hand


You were in the Dungeon.
You worshipped Trog.
Trog was most pleased with you.
You visited 1 branch

Inventory:

Hand Weapons
 a - a +0 hand axe (weapon)
Armour
 b - a +0 animal skin (worn)
Scrolls
 h - a scroll of blinking
Potions
 c - a potion of curing
 d - a potion of heal wounds
 e - a potion of haste
 f - 2 potions of magic
 g - a potion of berserk rage


   Skills:
 + Level 7.4 Fighting
 + Level 8.6 Axes
 + Level 3.7 Armour
 + Level 2.8 Dodging


You had 3 spell levels left.
You didn't know any spells.
Your spell library was empty.

Dungeon Overview and Level Annotations

Branches:
Dungeon (1/1)

Altars:


Message History

You barely miss the gnoll.
The gnoll is moderately wounded.
The gnoll hits you with a +0 flail.
You closely miss the gnoll.
The gnoll is moderately wounded.
You hit the gnoll.
The gnoll is heavily wounded.
The gnoll hits you with a +0 flail!
You hit the gnoll.
The gnoll is severely wounded.
The gnoll hits you with a +0 flail.
You hit the gnoll.
You kill the gnoll!
Trog accepts your kill.
Your Fighting skill increases to level 6!
You hit the scorpion.
The scorpion is lightly wounded.
The scorpion barely misses you.
You hit the scorpion.
The scorpion is lightly wounded.
The scorpion stings you.
You slash the scorpion!
The scorpion is severely wounded.
The scorpion closely misses you.
You slice the scorpion!!
You kill the scorpion!
Trog accepts your kill.
Your Fighting skill increases to level 7!
Your Axes skill gained 2 levels and is now at level 8!
You have reached level 4!
You barely miss the iguana. The iguana bites you!
You barely miss the iguana. You completely miss the iguana.
The iguana bites you!
* * * LOW HITPOINT WARNING * * *
You hit the iguana but do no damage.
You are no longer berserk.
You are exhausted.
You feel yourself slow down.
You completely miss the iguana. The iguana bites you!
You die...

▓+▓
▓.▓
▓.▓
▓.▓
▓.▓
▓l▓
▓@▓
▓.▓
▓.▓
▓.▓
▓.▓
▓.▓
▓'▓
▓.▓
▓.▓


You could see an iguana.

Vanquished Creatures
  A scorpion (D)
  An iguana (D)
  A gnoll (D)
  A dart slug (D)
  A giant cockroach (D)
  A hobgoblin (D)
  A quokka (D)
  A ball python (D)
  A frilled lizard (D)
9 creatures vanquished.

Notes
Turn   | Place    | Note
-------+----------+-------------------------------------------
     0 | D        | sircluck the Hill Orc Berserker began the quest for the
                  | Orb.
     0 | D        | Reached XP level 1. HP: 19/19 MP: 1/1
    13 | D        | Reached ** piety under Trog
    73 | D        | Noticed an iguana
    73 | D        | Noticed a scorpion
    73 | D        | Noticed an iguana
    80 | D        | Killed an iguana
    81 | D        | Reached skill level 5 in Fighting
    81 | D        | Reached skill level 6 in Axes
    81 | D        | Reached XP level 2. HP: 30/30 MP: 2/2
    81 | D        | Reached XP level 3. HP: 37/37 MP: 3/3
    81 | D        | Reached *** piety under Trog
    93 | D        | Killed a scorpion
    94 | D        | Reached skill level 8 in Axes
    94 | D        | Reached XP level 4. HP: 36/47 MP: 4/4
    98 | D        | Slain by an iguana

Illustrated notes

Levels and vault maps discovered:
D:        linesprint [early_d, line_temple, items_1, d_10, items_2, lair_1,
          lair_end, items_3, orc_1, orc_end, items_4, d_15, swamp_1, shoals_1,
          snake_1, spider_1, d_20, vaults_1, items_5, swamp_end, shoals_end,
          snake_end, spider_end, vaults_end, d_27, items_6, zot_1, zot_end,
          crypt_end, forest_end, elf_end, slime_end, tomb_end, abyss_end,
          pan_hell_end]

Skill      XL: |  1  2  3 |
---------------+----------+-----
Fighting       | 5 7 |  7.4
Axes           | 6 8 |  8.6
Armour         | 3 |  3.7
Dodging        | 2 |  2.8

Action                     |  1- 3 |  4- 6 || total
---------------------------+-------+-------++-------
  Melee: Hand axe          |    38 |     5 ||    43
 Invoke: Berserk           |     1 |       ||     1
 Armour: Animal skin       |     4 |       ||     4
  Dodge: Dodged            |    16 |       ||    16

Table legend: (Time is in decaauts)
 A = Elapsed time spent in this place.
 B = Non-inter-level travel time spent in this place.
 C = Inter-level travel time spent in this place.
 D = Time resting spent in this place.
 E = Time spent auto-exploring this place.
 F = Levels seen in this place.
 G = Mean time per level.
                   A        B        C        D        E       F      G
               +--------+--------+--------+--------+--------+-----+--------+
         Total |     91 |     91 |      0 |     43 |      3 |   1 |   91.0 |
       Dungeon |     91 |     91 |      0 |     43 |      3 |   1 |   91.0 |
               +--------+--------+--------+--------+--------+-----+--------+

Top non-repeatable levels by time:
       D: 91 daAuts
